 Dungeon Crawl Stone Soup version 0.31-a0-232-gb1c03b2570 (webtiles) character file.

Game seed: 7139081419866762013

6907 promet the Thaumaturge (level 10, -3/52 HPs)
             Began as a Spriggan Venom Mage on July 7, 2023.
             Was a Priest of Nemelex Xobeh.
             Shot with an arrow by a centaur warrior (26 damage)
             ... on level 10 of the Dungeon.
             The game lasted 01:30:26 (21090 turns).

promet the Thaumaturge (Spriggan Venom Mage)       Turns: 21090, Time: 01:30:26

Health: -3/52      AC:  2    Str: 12    XL:     10   Next: 79%
Magic:  18/24      EV: 19    Int: 18    God:    Nemelex Xobeh [***...]
Gold:   531        SH:  0    Dex: 17    Spells: 18/28 levels left

rFire   . . .        c - staff of poison
rCold   . . .        (shield currently unavailable)
rNeg    + . .        p - +0 robe
rPois   +            (helmet restricted)
rElec   .            f - scarf {harm}
rCorr   .            (gloves unavailable)
SInv    +            (boots unavailable)
Will    +....        (no amulet)
Stlth   +++          e - ring of positive energy
HPRegen 0.28/turn    l - +6 ring of strength
MPRegen 0.19/turn

%: harm (+30% outgoing, +20% incoming)
@: very quick
A: very small, no large weapons, unfitting armour, see invisible, speed 3
a: Renounce Religion, Draw Escape, Draw Destruction, Draw Summoning, Triple Draw


You were on level 10 of the Dungeon.
You worshipped Nemelex Xobeh.
Nemelex Xobeh was most pleased with you.
You visited 1 branch of the dungeon, and saw 10 of its levels.

You collected 531 gold pieces.

Inventory:

Hand Weapons
 a - a +5 dagger of speed
 b - a +0 orcbow
 g - a +2 trident
 j - a +0 spear of freezing
 r - a +0 dagger
 t - a +0 flail
 w - a +2 vampiric dagger
 y - a +2 dagger of draining
 A - a +0 lajatang
 B - a +0 rapier of protection
 C - a +0 short sword of electrocution
 J - a +2 war axe of draining
 K - a +2 morningstar of freezing
Missiles
 i - 3 datura-tipped darts
 m - 14 poisoned darts
 q - 76 stones
 E - a boomerang (quivered)
Armour
 f - a scarf of harm (worn)
 p - a +0 robe (worn)
Magical Staves
 c - a staff of poison (weapon)
Jewellery
 e - a ring of positive energy (left hand)
 k - a ring of protection from cold
 l - a +6 ring of strength (right hand)
Wands
 u - a wand of polymorph (15)
 D - a wand of paralysis (22)
Scrolls
 d - a scroll of teleportation
 h - 3 scrolls of noise
 s - a scroll of acquirement {unknown}
 G - a scroll of butterflies
Potions
 n - 2 potions of enlightenment
 o - a potion of haste
 v - a potion of curing
 x - 2 potions of cancellation
 z - a potion of magic
 F - a potion of heal wounds
 H - a potion of lignification
 I - a potion of brilliance {unknown}
 L - a potion of resistance {unknown}
 M - a potion of berserk rage


   Skills:
 * Level 5.6 Fighting
 + Level 2.3 Short Blades
 + Level 1.0 Staves
 + Level 6.1 Ranged Weapons
 + Level 1.5 Throwing
 + Level 4.5 Dodging
 + Level 4.5 Stealth
 + Level 9.8 Spellcasting
 + Level 4.4 Transmutations
 + Level 3.9 Air Magic
 + Level 8.2 Poison Magic
 + Level 4.4 Evocations


You had 18 spell levels left.
You knew the following spells:

 Your Spells              Type           Power      Damage    Failure   Level
a - Sting                 Tmut/Pois      100%       1d8       1%          1
b - Poisonous Vapours     Pois/Air       92%        N/A       1%          2
c - Mephitic Cloud        Conj/Pois/Air  35%        N/A       4%          3
d - Olgreb's Toxic Radia  Pois           55%        N/A       2%          4

Your spell library contained the following spells:

 Spells                   Type           Power      Damage    Failure   Level
 Spider Form              Tmut/Pois      47%        N/A       1%          3
 Apportation              Tloc           16%        N/A       9%          1
 Kiss of Death            Conj/Necr      32%        2d7       9%          1
 Ensorcelled Hibernation  Hex/Ice        16%        N/A       12%         2
 Alistair's Intoxication  Tmut/Pois      31%        N/A       17%         5
 Confusing Touch          Hex            8%         N/A       24%         3
 Anguish                  Hex/Necr       4%         N/A       63%         4
 Cause Fear               Hex            4%         N/A       63%         4
 Dispel Undead            Necr           8%         3d8       63%         4
 Freezing Cloud           Conj/Ice/Air   6%         6-21      78%         5
 Dragon Form              Tmut           12%        N/A       100%        7
 Dragon's Call            Summ           4%         N/A       100%        9


Dungeon Overview and Level Annotations

Branches:
Dungeon (10/15)            Temple (0/1) D:6
   Lair: D:8-11         Orc: D:9-12

Altars:
Dithmenos
Elyvilon
Gozag
Nemelex Xobeh
Okawaru
Sif Muna
Wu Jian
Yredelemnul


Innate Abilities, Weirdness & Mutations

You are very small and have problems with some larger weapons.
You are too small for most types of armour.
You have supernaturally acute eyesight. (SInv)
You cover ground extremely quickly. (Speed+++)


Message History

You feel a surge of power!
You begin to radiate toxic energy.
The orc warrior looks even sicker.
You kill the orc warrior!
You start resting.
Your toxic aura wanes.
You start resting.
A hornet comes into view.
You close the door.
You start resting.
A centaur warrior is nearby!
You barely miss the centaur warrior.
The centaur warrior shouts!
The centaur warrior unwields a +0 shortbow.
The centaur warrior hits you! The centaur warrior barely misses you.
You hit the centaur warrior but do no damage.
The centaur warrior completely misses you.
The centaur warrior closely misses you. The centaur warrior hits you.
The centaur warrior kicks you.
Casting: Olgreb's Toxic Radiance (dangerous; 2% risk of failure)
Confirm with . or Enter, or press ? or * to list all spells.
You don't know that spell.
The centaur warrior wields a +0 shortbow.
The centaur warrior shoots an arrow.
The arrow hits you!
The centaur warrior shoots an arrow.
The arrow closely misses you.
Casting: Olgreb's Toxic Radiance (dangerous; 2% risk of failure)
Confirm with . or Enter, or press ? or * to list all spells.
You don't know that spell.
Casting: Olgreb's Toxic Radiance (dangerous; 2% risk of failure)
Confirm with . or Enter, or press ? or * to list all spells.
Aiming: Mephitic Cloud (dangerous; 4% risk of failure)
Press: ? - help, Shift-Dir - straight line, f - centaur warrior
Aim: a centaur warrior, wielding a +0 shortbow, wearing a +6 ring of dexterity and quivering stones (chance to affect: 53%)
You feel a surge of power!
The ball explodes into a vile cloud!
The stinking cloud engulfs the centaur warrior but does no damage.
You hear an angry buzzing noise.
The centaur warrior is engulfed in noxious fumes.
The centaur warrior shoots an arrow.
The arrow hits you!!
Ouch! That really hurt!
You die...
Your body disappears without a glow.

#...)...o.......
#...#####..$[!..
#...# ...$... #...#
8...... #...#
.....8.
#...#######'#... #
#...........#... #
#..ā—‹Ā§.......# ..#
# .#.# #.#
#..cā—‹.@.....# #W #
...#
#...[##ā—‹######...#
###.. # .#.#
#.....##
.....c...c### .#
#.###..# ....Q.Q'.#
# .##..###)#
......#.. .........#
######### .######..#
#.## #.## #.## #.#
#####.##


You could see a centaur warrior.

Vanquished Creatures
  A tengu warrior (D:10)
  A two-headed ogre (D:9)
  A swamp dragon (D:9)
  Pikel (D:5)
  2 trolls
  2 hornets
  A shadow (D:10)
  Eustachio (D:5)
  A vampire mosquito (D:5)
  Duvessa (D:6)
  4 orc warriors
  3 sky beasts (D:7)
  A black bear (D:5)
  An ogre (D:5)
  3 centaurs
  11 wights
  Dowan (D:6)
  9 killer bees (D:9)
  3 vampire bats (D:6)
  2 howler monkeys
  2 jellies (D:6)
  5 hounds
  2 orc priests
  2 gnoll boudas
  2 sleepcaps
  8 orc wizards
  Terence (D:3)
  2 iguanas
  Natasha (thrice) (D:2)
  13 gnolls
  10 adders
  A shadow imp (D:6)
  2 white imps
  An ufetubus (D:5)
  3 worms
  4 dart slugs
  30 orcs
  8 endoplasms
  3 giant cockroaches
  6 goblins
  5 hobgoblins
  4 kobolds
  2 quokkas
  8 ball pythons
  8 bats
  3 frilled lizards (D:2)
  3 rats
191 creatures vanquished.

Vanquished Creatures (collateral kills)
  Prince Ribbit (D:7)
  An iguana (D:5)
  An adder (D:5)
  A dart slug (D:5)
4 creatures vanquished.

Grand Total: 195 creatures vanquished

Notes
Turn   | Place    | Note
-------+----------+-------------------------------------------
     0 | D:1      | promet the Spriggan Venom Mage began the quest for the Orb.
     0 | D:1      | Reached XP level 1. HP: 9/9 MP: 5/5
   202 | D:1      | Reached XP level 2. HP: 6/13 MP: 0/6
   360 | D:1      | Learned a level 2 spell: Poisonous Vapours
   459 | D:1      | Reached skill level 3 in Spellcasting
  1421 | D:2      | Reached XP level 3. HP: 17/17 MP: 0/8
  2130 | D:2      | Noticed Natasha
  2164 | D:2      | Killed Natasha
  2165 | D:2      | Reached XP level 4. HP: 3/21 MP: 2/10
  2411 | D:2      | Found a faded altar of an unknown god.
  2704 | D:2      | HP: 1/21 [poisoned by an adder]
  2982 | D:2      | Noticed Natasha
  2988 | D:2      | Killed Natasha
  2989 | D:2      | Reached skill level 1 in Fighting
  3569 | D:2      | Noticed Natasha
  3583 | D:2      | Killed Natasha
  3584 | D:2      | Reached XP level 5. HP: 25/25 MP: 1/11
  3850 | D:3      | Reached skill level 1 in Air Magic
  4716 | D:3      | Noticed Terence
  4737 | D:3      | Killed Terence
  4754 | D:3      | Reached skill level 4 in Spellcasting
  4999 | D:3      | Found an iron altar of Okawaru.
  5645 | D:3      | Found a sparkling altar of Nemelex Xobeh.
  5649 | D:3      | Became a worshipper of Nemelex Xobeh the Trickster
  5885 | D:4      | Found a shadowy altar of Dithmenos.
  5917 | D:4      | HP: 1/25 [worm (12)]
  6205 | D:4      | Reached XP level 6. HP: 30/30 MP: 3/13
  6440 | D:4      | Upgraded the game from 0.31-a0-229-g1fc7ce93e2 to
                  | 0.31-a0-232-gb1c03b2570
  6925 | D:4      | Found an opulent altar of Gozag.
  7511 | D:5      | Entered Level 5 of the Dungeon
  8089 | D:5      | Found an ornate altar of the Wu Jian Council.
  8093 | D:5      | Noticed Eustachio
  8176 | D:5      | Killed Eustachio
  8177 | D:5      | Reached skill level 5 in Spellcasting
  8177 | D:5      | Reached skill level 1 in Evocations
  8365 | D:5      | Reached skill level 1 in Throwing
  8641 | D:5      | Reached XP level 7. HP: 23/35 MP: 8/15
  9081 | D:5      | Found a white marble altar of Elyvilon.
  9850 | D:5      | Noticed Pikel
  9857 | D:5      | Noticed a vampire mosquito
  9867 | D:5      | Killed Pikel
  9868 | D:5      | Reached skill level 1 in Short Blades
  9868 | D:5      | Reached skill level 6 in Spellcasting
  9868 | D:5      | Reached skill level 5 in Poison Magic
  9868 | D:5      | Reached XP level 8. HP: 23/39 MP: 8/18
 10747 | D:6      | Learned a level 3 spell: Mephitic Cloud
 11766 | D:6      | Found a staircase to the Ecumenical Temple.
 12268 | D:6      | Noticed Duvessa
 12268 | D:6      | Noticed Dowan
 12617 | D:6      | Reached skill level 7 in Spellcasting
 12949 | D:6      | Reached skill level 1 in Ranged Weapons
 13033 | D:6      | Reached * piety under Nemelex Xobeh
 13274 | D:6      | Killed Dowan
 13495 | D:6      | Reached XP level 9. HP: 44/44 MP: 20/20
 13786 | D:6      | Killed Duvessa
 14551 | D:7      | Received a gift from Nemelex Xobeh
 15781 | D:7      | Reached ** piety under Nemelex Xobeh
 15782 | D:7      | Noticed Prince Ribbit
 15815 | D:7      | Killed Prince Ribbit
 16177 | D:7      | Found a basalt altar of Yredelemnul.
 16220 | D:7      | Reached skill level 8 in Spellcasting
 16634 | D:7      | Found a shimmering blue altar of Sif Muna.
 17071 | D:8      | Learned a level 4 spell: Olgreb's Toxic Radiance
 17077 | D:8      | Received a gift from Nemelex Xobeh
 18579 | D:9      | Reached XP level 10. HP: 51/51 MP: 13/23
 19108 | D:9      | Reached skill level 5 in Ranged Weapons
 19340 | D:9      | Received a gift from Nemelex Xobeh
 19347 | D:9      | Noticed a two-headed ogre
 19360 | D:9      | Killed a two-headed ogre
 19361 | D:9      | Reached skill level 5 in Fighting
 19396 | D:9      | Noticed a two-headed ogre
 19398 | D:9      | a two-headed ogre changed into a swamp dragon
 19398 | D:9      | Noticed a swamp dragon
 19417 | D:9      | Killed a swamp dragon
 19418 | D:9      | Reached skill level 9 in Spellcasting
 19991 | D:10     | Entered Level 10 of the Dungeon
 19991 | D:10     | Noticed a centaur warrior
 19991 | D:10     | Reached *** piety under Nemelex Xobeh
 20132 | D:10     | Noticed a tengu warrior
 20204 | D:10     | Killed a tengu warrior
 20205 | D:10     | Reached skill level 1 in Staves
 21090 | D:10     | Shot with an arrow by a centaur warrior

Illustrated notes

Levels and vault maps discovered:
D:1:      dpeg_arrival_houses_and_road, layout_basic
D:2:      layout_basic, ebering_ecumenical_altar_petrified, uniq_natasha
D:3:      layout_basic, nemelex_dance_club_becter, okawaru_metal_pillars_1_2,
          uniq_terence
D:4:      layout_rooms, grunt_gozag_breadcrumbs,
          nicolae_dithmenos_through_a_glass_darkly
D:5:      minmay_diamond_boxcup, layout_loops_ring, elyvilon_altar_1,
          mainiacjoe_overflow_tiny_flanked, minmay_tree_intersection,
          uniq_pikel, uniq_eustachio
D:6:      layout_basic, minmay_temple_entry_grid, roderic_batcave, uniq_duvessa
D:7:      layout_basic, hangedman_feature_mirror, hangedman_decor_peaks_small,
          eino_small_chamber_without_monster, serial_park_tiny_1,
          uniq_prince_ribbit1
D:8:      layout_gridville
D:9:      layout_small_grid
D:10:     kennysheep_blocky_room, layout_loops_ring, general_overflow_altar

Skill      XL: |  1  2  3  4  5  6  7  8  9 10 |
---------------+-------------------------------+-----
Spellcasting   | 3 4 5 6 7 8 9 |  9.8
Dodging        | 3 4 |  4.5
Transmutations | 2 3 4 |  4.4
Fighting       | 1 2 3 4 5 |  5.6
Poison Magic   | 4 5 6 7 8 |  8.2
Air Magic      | 1 2 3 |  3.9
Evocations     | 1 3 4 |  4.4
Throwing       | 1 |  1.5
Short Blades   | 1 2 |  2.3
Stealth        | 4 |  4.5
Ranged Weapons | 1 4 6 |  6.1
Staves         | 1 |  1.0

Action                     |  1- 3 |  4- 6 |  7- 9 | 10-12 || total
---------------------------+-------+-------+-------+-------++-------
  Melee: Club              |     3 |       |       |       ||     3
         Punch             |     1 |       |       |       ||     1
         Dagger            |     4 |    90 |    24 |     4 ||   122
         Staff             |       |    32 |    22 |     5 ||    59
         Rapier            |       |    12 |    55 |       ||    67
         Spear             |       |     4 |       |       ||     4
   Fire: Sling             |       |       |    21 |       ||    21
         Orcbow            |       |       |   130 |    35 ||   165
  Throw: Stone             |       |     3 |       |       ||     3
         Dart              |       |     3 |     2 |       ||     5
         Boomerang         |       |       |     1 |       ||     1
   Cast: Sting             |    16 |    39 |    68 |     9 ||   132
         Poisonous Vapours |    22 |    96 |   107 |    12 ||   237
         Olgreb's Toxic Ra |       |       |     4 |     9 ||    13
         Mephitic Cloud    |       |       |       |     2 ||     2
 Invoke: Draw Destruction  |       |       |       |     6 ||     6
  Evoke: Wand              |       |       |       |     1 ||     1
    Use: Potion            |       |     1 |       |     3 ||     4
         Scroll            |       |    10 |     7 |     2 ||    19
   Stab: Sleeping          |       |     9 |     3 |       ||    12
 Armour: Robe              |     1 |    10 |    25 |     1 ||    37
  Dodge: Dodged            |    11 |   139 |   174 |    12 ||   336

Table legend: (Time is in decaauts)
 A = Elapsed time spent in this place.
 B = Non-inter-level travel time spent in this place.
 C = Inter-level travel time spent in this place.
 D = Time resting spent in this place.
 E = Time spent auto-exploring this place.
 F = Levels seen in this place.
 G = Mean time per level.
                   A        B        C        D        E       F      G
               +--------+--------+--------+--------+--------+-----+--------+
         Total |  17458 |  17187 |    271 |   9912 |   2413 |  10 | 1745.8 |
       Dungeon |  17458 |  17187 |    271 |   9912 |   2413 |  10 | 1745.8 |
               +--------+--------+--------+--------+--------+-----+--------+

Top non-repeatable levels by time:
     D:6: 3002 daAuts
     D:5: 2441 daAuts
     D:7: 2067 daAuts
     D:2: 1942 daAuts
     D:3: 1797 daAuts
     D:4: 1601 daAuts
     D:9: 1468 daAuts
     D:1: 1300 daAuts
     D:8: 935 daAuts
    D:10: 901 daAuts
